 Dungeon Crawl Stone Soup version 0.16.1-5-gaa23807 (webtiles) character file.

8771 inmateoo the Prestidigitator (level 11, -1/56 HPs)
             Began as a Spriggan Assassin on Mar 28, 2015.
             Was an Elder of Vehumet.
             Slain by a spectral orc warrior
             ... wielding a +0 glaive
             ... summoned by Nergalle
              (3 damage)
             ... on level 11 of the Dungeon.
             The game lasted 00:22:59 (11523 turns).

inmateoo the Prestidigitator (Spriggan Assassin)   Turns: 11523, Time: 00:23:00

Health: -1/56      AC:  3    Str:  7    XL:     11   Next: 14%
Magic:  30/30      EV: 27    Int: 16    God:    Vehumet [****..]
Gold:   400        SH:  0    Dex: 21    Spells: 2 memorised, 20 levels left

rFire  . . .     SeeInvis +     n - +3 rapier
rCold  . . .     Clarity  .     c - +0 robe
rNeg   . . .     SustAb   .     (shield restricted)
rPois  .         Gourm    .     (helmet restricted)
rElec  .         Spirit   .     d - +0 cloak
rCorr  .         Warding  .     (gloves unavailable)
rMut   .         Stasis   .     (boots unavailable)
MR     +....                    (no amulet)
Stlth  ++........               k - +3 ring of dexterity
                                j - ring of invisibility

@: confused, very slightly contaminated, hasted, drained, very quick, somewhat
resistant to hostile enchantments, unstealthy
A: unfitting armour, see invisible, herbivore 3, speed 3, slow metabolism 2
a: Renounce Religion, Evoke Invisibility


You were on level 11 of the Dungeon.
You worshipped Vehumet.
Vehumet was greatly pleased with you.
You were not hungry.

You visited 2 branches of the dungeon, and saw 12 of its levels.

You collected 520 gold pieces.
You spent 120 gold pieces at shops.

Inventory:

Hand weapons
 b - a +0 blowgun
 n - a +3 rapier (weapon)
Missiles
 e - 35 poisoned needles
Armour
 c - a +0 robe (worn)
 d - a +0 cloak (worn)
Jewellery
 j - a ring of invisibility (left hand)
 k - a +3 ring of dexterity (right hand)
 l - an uncursed ring of teleportation
 q - an uncursed ring of ice
 r - an uncursed ring of sustain abilities
Magical devices
 p - a wand of lightning (0)
 t - a wand of digging (11)
 w - a wand of digging (10)
 B - a wand of teleportation (3)
Scrolls
 a - a scroll of magic mapping
 o - a scroll of identify
 s - 4 scrolls of remove curse
 v - 2 scrolls of amnesia
Potions
 h - a potion of restore abilities
 i - 2 potions of brilliance
 u - 2 potions of resistance
 z - a potion of cure mutation
 A - a potion of haste
Books
 y - a book of Flames

   Spells                             Type                      Level
   a - Flame Tongue                   Conjuration/Fire             1
   b - Throw Flame                    Conjuration/Fire             2
   c - Conjure Flame                  Conjuration/Fire             3
   d - Inner Flame                    Hexes/Fire                   3
   e - Sticky Flame                   Conjuration/Fire             4
   f - Fireball                       Conjuration/Fire             5
Comestibles
 g - 6 bread rations


   Skills:
 + Level 5.4(5.1) Fighting
 * Level 9.6(9.3) Short Blades
 - Level 2.1(1.8) Throwing
 + Level 9.3(8.9) Dodging
 + Level 11.1(10.7) Stealth
 + Level 7.2(6.8) Spellcasting
 * Level 11.8(11.4) Evocations


You had 20 spell levels left.
You knew the following spells:

 Your Spells              Type           Power        Failure   Level  Hunger
a - Sting                 Conj/Pois      #...         4%          1    None
b - Mephitic Cloud        Conj/Pois/Air  #.......     11%         3    ##.....


Dungeon Overview and Level Annotations

Branches:
Dungeon (11/15)            Temple (1/1) D:4            Lair (0/8) D:9
    Orc: D:9-12

Altars:
Ashenzari
Cheibriados
Dithmenos
Elyvilon
Fedhas
Gozag
Kikubaaqudgha
Nemelex Xobeh
Okawaru
Qazlal
Ru
Sif Muna
Trog
Vehumet
Xom
Yredelemnul
Zin
The Shining One

Shops:
D:4 ?   D:11 =*}:

Annotations:
D:11 Nergalle


Innate Abilities, Weirdness & Mutations

You are tiny and cannot use many weapons and most armour.
You have supernaturally acute eyesight.
You are a herbivore.
You cover ground extremely quickly.
You need consume almost no food.


Message History

The spectral orc warrior completely misses you.
The spectral orc warrior hits you from afar with a glaive.
* * * LOW HITPOINT WARNING * * *
Nergalle closely misses you.
You bump into the rock wall.
Nergalle no longer looks unusually strong.
Nergalle casts a spell at you.
Orcish apparitions take form around you.
Nergalle hits you with a dagger.
* * * LOW HITPOINT WARNING * * *
Unknown command.
You miss Nergalle.
Nergalle is almost dead.
The spectral orc warrior closely misses you.
Nergalle gestures at you while chanting.
Orcish apparitions take form around you.
The spectral orc warrior hits you from afar with a glaive!
* * * LOW HITPOINT WARNING * * *
You feel drained.
You die...

.......# #.######
#.# #.# #.# #.. ###
#
##################Z#
#...........ZZZZ@oo#
.#.#################
###.# .#.## #.## ###


You could see 2 Nergalle, 4 spectral orc warriors and a spectral orc warlord.

Vanquished Creatures
  Harold (D:10)
  An unseen horror (D:10)
  A cyclops (D:10)
  A gargoyle (D:10)
  A fire drake (D:9)
  3 trolls
  A two-headed ogre (D:11)
  2 hippogriffs (D:7)
  2 humans (D:7)
  A water moccasin (D:9)
  A black bear (D:10)
  2 wasps
  4 ice beasts
  2 orc warriors (D:7)
  A sky beast (D:8)
  5 ogres
  4 phantoms
  3 centaurs
  Blork the orc (D:7)
  8 giant frogs
  6 scorpions
  13 killer bees
  9 wights
  A centaur zombie (D:8)
  A wasp zombie (D:9)
  3 crimson imps
  3 giant frog skeletons
  A quasit (D:11)
  A giant frog zombie (D:6)
  Crazy Yiuf (D:7)
  5 iguanas
  4 jellies
  5 orc priests
  4 hounds
  3 worker ants
  2 orc wizards
  A killer bee zombie (D:7)
  Ijyb (D:7)
  3 hound zombies
  A hound skeleton (D:6)
  2 worker ant zombies (D:10)
  8 adders
  5 giant mites
  A worm (D:2)
  An adder skeleton (D:4)
  2 adder zombies (D:5)
  4 giant geckos
  19 orcs
  A ball python (D:8)
  19 bats
  A bat skeleton (D:7)
  26 hobgoblins
  8 jackals
  6 quokkas
  4 giant cockroaches
  9 giant newts
  10 goblins
  13 kobolds
  12 rats
  A spectral orc (D:11)
  2 ballistomycetes (D:8)
267 creatures vanquished.

Vanquished Creatures (others)
  An ice beast (D:9)
  A giant spore (D:8)
2 creatures vanquished.

Grand Total: 269 creatures vanquished

Notes
Turn   | Place    | Note
--------------------------------------------------------------
     0 | D:1      | inmateoo, the Spriggan Assassin, began the quest for the Orb.
     0 | D:1      | Reached XP level 1. HP: 10/10 MP: 2/2
   266 | D:1      | Reached XP level 2. HP: 9/15 MP: 4/4
   621 | D:2      | Reached skill level 1 in Spellcasting
   652 | D:2      | Reached skill level 6 in Stealth
   844 | D:2      | Reached XP level 3. HP: 16/18 MP: 7/7
  1455 | D:2      | Reached XP level 4. HP: 17/23 MP: 10/10
  1741 | D:3      | Reached XP level 5. HP: 24/26 MP: 12/14
  1830 | D:3      | Reached skill level 1 in Evocations
  1912 | D:3      | Found a sacrificial altar of Ru.
  2382 | D:3      | Found a basalt altar of Yredelemnul.
  2946 | D:4      | Noticed an ogre
  2983 | D:4      | Killed an ogre
  2983 | D:4      | Reached XP level 6. HP: 32/32 MP: 16/16
  3002 | D:4      | Reached skill level 7 in Stealth
  3416 | D:4      | Found Graxkiaf's Magic Scroll Emporium.
  3440 | D:4      | Bought a scroll of identify for 24 gold pieces
  3440 | D:4      | Bought a scroll of identify for 24 gold pieces
  3440 | D:4      | Bought a scroll of identify for 24 gold pieces
  3440 | D:4      | Bought a scroll of identify for 24 gold pieces
  3440 | D:4      | Bought a scroll of identify for 24 gold pieces
  3571 | D:4      | Found a staircase to the Ecumenical Temple.
  3576 | Temple   | Entered the Ecumenical Temple
  3624 | Temple   | Became a worshipper of Vehumet
  3876 | D:5      | Entered Level 5 of the Dungeon
  3902 | D:5      | Reached XP level 7. HP: 21/35 MP: 17/20
  4078 | D:5      | Found a blossoming altar of Fedhas.
  4410 | D:5      | Reached skill level 5 in Short Blades
  4635 | D:5      | Found a shattered altar of Ashenzari.
  4904 | D:5      | Reached skill level 5 in Dodging
  5105 | D:5      | Reached skill level 5 in Evocations
  5210 | D:6      | Reached XP level 8. HP: 40/40 MP: 22/22
  5355 | D:6      | Reached skill level 8 in Stealth
  5420 | D:6      | Found a shadowy altar of Dithmenos.
  5658 | D:6      | Acquired Vehumet's first power
  5658 | D:6      | Offered knowledge of Sting by Vehumet.
  5698 | D:6      | Learned a level 1 spell: Sting
  6167 | D:7      | Noticed Blork the orc
  6176 | D:7      | Killed Blork the orc
  6208 | D:7      | Noticed Ijyb
  6300 | D:7      | Reached XP level 9. HP: 41/45 MP: 25/25
  6460 | D:7      | Killed Ijyb
  6688 | D:7      | Reached skill level 5 in Spellcasting
  6695 | D:7      | Offered knowledge of Sandblast by Vehumet.
  6758 | D:7      | Reached skill level 9 in Stealth
  7504 | D:7      | Noticed Crazy Yiuf
  7510 | D:7      | Killed Crazy Yiuf
  7706 | D:7      | Found an iron altar of Okawaru.
  8179 | D:8      | Found an iron altar of Okawaru.
  8938 | D:9      | Found a staircase to the Lair.
  8938 | D:9      | Noticed a fire drake
  8961 | D:9      | Killed a fire drake
  9003 | D:9      | Offered knowledge of Throw Frost by Vehumet.
  9003 | D:9      | Reached XP level 10. HP: 51/51 MP: 28/28
  9105 | D:9      | Reached skill level 10 in Stealth
  9600 | D:9      | Found a white marble altar of Elyvilon.
  9652 | D:9      | Acquired Vehumet's second power
  9758 | D:9      | Reached skill level 10 in Evocations
  9970 | D:10     | Entered Level 10 of the Dungeon
 10073 | D:10     | Reached skill level 5 in Fighting
 10119 | D:10     | Offered knowledge of Mephitic Cloud by Vehumet.
 10250 | D:10     | Noticed a cyclops
 10257 | D:10     | Killed a cyclops
 10426 | D:10     | Reached skill level 11 in Evocations
 10621 | D:10     | Noticed Harold
 10630 | D:10     | Killed Harold
 10681 | D:10     | Learned a level 3 spell: Mephitic Cloud
 10744 | D:10     | Acquired Vehumet's third power
 10884 | D:10     | Noticed an unseen horror
 10905 | D:10     | Killed an unseen horror
 10905 | D:10     | Offered knowledge of Static Discharge by Vehumet.
 10905 | D:10     | Reached XP level 11. HP: 53/56 MP: 19/29
 11009 | D:11     | Found Sechaw's Gadget Shop.
 11030 | D:11     | Found Ugyin's General Store.
 11111 | D:11     | Found Pax Ebbi's Book Shoppe.
 11352 | D:11     | Found Ecoaru's Jewellery Shoppe.
 11453 | D:11     | Noticed Nergalle
 11460 | D:11     | Noticed a spectral orc warlord
 11523 | D:11     | HP: 2/56 [spectral orc warrior/glaive[Nergalle] (9)]
 11523 | D:11     | Slain by a spectral orc warrior

Action                   |  1- 3 |  4- 6 |  7- 9 | 10-12 || total
-------------------------+-------+-------+-------+-------++-------
Melee: Dagger            |   155 |   178 |    66 |       ||   399
       Rapier            |       |       |   367 |   199 ||   566
 Fire: Blowgun           |    10 |    11 |    17 |    30 ||    68
Throw: Throwing net      |       |       |       |     1 ||     1
 Cast: Sting             |       |       |       |    20 ||    20
       Mephitic Cloud    |       |       |       |     1 ||     1
 Abil: Evoke Invisibilit |       |     3 |     8 |    11 ||    22
Evoke: Phantom mirror    |       |       |       |     1 ||     1
  Use: Scroll            |     7 |     7 |     6 |     5 ||    25
       Potion            |       |       |     3 |     7 ||    10
 Stab: Sleeping          |     4 |    12 |    32 |    43 ||    91
       Distracted        |     1 |     2 |       |     1 ||     4
       Invisible         |       |     7 |    15 |    10 ||    32
  Eat: Bread ration      |       |     1 |       |     2 ||     3
       Fruit             |       |       |     3 |       ||     3
       Pizza             |       |       |     1 |       ||     1
